[Event "ICC tourney 2333 (75 10)"]
[Site "Internet Chess Club"]
[Date "2021.01.24"]
[Round "5"]
[White "closedforce"]
[Black "AJM04"]
[Result "1/2-1/2"]
[ICCResult "Game drawn by mutual agreement"]
[WhiteElo "1922"]
[BlackElo "2050"]
[Opening "QGD Slav: 3.Nf3"]
[ECO "D11"]
[NIC "SL.01"]
[Time "16:32:06"]
[PlyCount "67"]
[TimeControl "4500+10"]

1. d4 d5 2. c4 c6 3. Nf3 Nf6 4. Qb3 e6 5. g3 dxc4 6. Qxc4 b5 7. Qc2 Bb7 8.
Bg2 Nbd7 9. O-O c5 10. Nc3 a6 11. a3 Rc8 12. Rd1 b4 13. Na2 cxd4 14. Qa4
bxa3 15. bxa3 Bc5 16. Rb1 Be4 17. Rb2 O-O 18. Nb4 a5 19. Nd3 Bxd3 20. exd3
Nd5 21. Bd2 Nc3 22. Bxc3 dxc3 23. Rc2 Nf6 24. d4 Bd6 25. Rdc1 Nd5 26. Ne5
Bxe5 27. dxe5 Rc5 28. Qd4 Qc7 29. Bxd5 Rxd5 30. Qxc3 Qxe5 31. Qxe5 Rxe5 32.
Rc5 Rxc5 33. Rxc5 Ra8 34. a4 { Game drawn by mutual agreement } 1/2-1/2

[Event "ICC tourney 2333 (75 10)"]
[Site "Internet Chess Club"]
[Date "2021.01.24"]
[Round "5"]
[White "Drachekokosnuss"]
[Black "blueeagle405"]
[Result "0-1"]
[ICCResult "White resigns"]
[WhiteElo "2100"]
[BlackElo "1998"]
[Opening "Sicilian: accelerated fianchetto, modern variation with Bc4"]
[ECO "B35"]
[NIC "SI.31"]
[Time "16:32:31"]
[PlyCount "46"]
[TimeControl "4500+10"]

1. e4 c5 2. Nf3 Nc6 3. Nc3 g6 4. d4 cxd4 5. Nxd4 Bg7 6. Be3 Nf6 7. Bc4 O-O
8. Bb3 a5 9. f3 d5 10. exd5 Nb4 11. Nde2 a4 12. Bc4 a3 13. bxa3 Nbxd5 14.
Bd4 Be6 15. Nxd5 Bxd5 16. Bxd5 Qxd5 17. O-O Rxa3 18. Rb1 Rd8 19. c3 Rxa2
20. Nf4 Qg5 21. Bxf6 Qc5+ 22. Bd4 Bxd4+ 23. cxd4 Rxd4 { White resigns } 0-1

[Event "ICC tourney 2333 (75 10)"]
[Site "Internet Chess Club"]
[Date "2021.01.24"]
[Round "5"]
[White "Openyagami"]
[Black "mhebden"]
[Result "1-0"]
[ICCResult "Black resigns"]
[WhiteElo "2606"]
[BlackElo "2503"]
[Opening "King's Indian: Petrosian system, Stein variation"]
[ECO "E92"]
[NIC "KI.17"]
[Time "16:31:44"]
[PlyCount "91"]
[TimeControl "4500+10"]

1. c4 g6 2. Nf3 Bg7 3. d4 Nf6 4. Nc3 O-O 5. e4 d6 6. Be2 e5 7. d5 a5 8. Bg5
h6 9. Bh4 Na6 10. O-O Qe8 11. Nd2 Bd7 12. b3 Nh7 13. Rb1 Bf6 14. Bg3 Bg5
15. Nf3 Bd8 16. Re1 Nc5 17. a3 f5 18. exf5 gxf5 19. Nxe5 f4 20. Bh5 Qxe5
21. Rxe5 dxe5 22. b4 axb4 23. axb4 Na4 24. Nxa4 Bxa4 25. Qg4+ Kh8 26. Bh4
Bc2 27. Bxd8 Bxb1 28. Bxc7 Rf5 29. h4 Nf6 30. Qg6 Nxh5 31. Qxh6+ Kg8 32.
Qe6+ Rf7 33. Bxe5 Ng7 34. Qg4 Re8 35. Qg5 f3 36. g4 Kh7 37. Kh2 Rg8 38. d6
Nf5 39. Qh5+ Nh6 40. g5 Rg6 41. Bg3 Bd3 42. c5 Be4 43. b5 Rf8 44. gxh6 Rf5
45. d7 Rxh5 46. d8=Q { Black resigns } 1-0

[Event "ICC tourney 2333 (75 10)"]
[Site "Internet Chess Club"]
[Date "2021.01.24"]
[Round "5"]
[White "WonderZ"]
[Black "SaltyCarrot777"]
[Result "0-1"]
[ICCResult "White resigns"]
[WhiteElo "2064"]
[BlackElo "1941"]
[Opening "Trompowsky attack (Ruth, Opocenský opening)"]
[ECO "A45"]
[NIC "QP.07"]
[Time "16:31:42"]
[PlyCount "66"]
[TimeControl "4500+10"]

1. d4 Nf6 2. Bg5 e6 3. e4 Be7 4. e5 Nd5 5. Bxe7 Nxe7 6. Nc3 O-O 7. Qg4 Nbc6
8. O-O-O d6 9. Nf3 Nd5 10. Bd3 Nxc3 11. Bxh7+ Kxh7 12. Qh5+ Kg8 13. bxc3 f6
14. Nh4 fxe5 15. g4 exd4 16. g5 Rf4 17. Rd3 e5 18. Rg1 Be6 19. Ng6 Rf5 20.
Rh3 Rxf2 21. Rh4 dxc3 22. Nh8 Rf5 23. Nf7 Qf8 24. Kd1 Ne7 25. Rg3 Rf1+ 26.
Ke2 Bc4+ 27. Rxc4 Qxf7 28. Qxf7+ Rxf7 29. Rgxc3 Nd5 30. Rb3 b6 31. Rh4 Nf4+
32. Kd1 Raf8 33. Rg3 Ng6 { White resigns } 0-1

[Event "ICC tourney 2333 (75 10)"]
[Site "Internet Chess Club"]
[Date "2021.01.24"]
[Round "5"]
[White "slolla"]
[Black "sirking2800"]
[Result "1/2-1/2"]
[ICCResult "Game drawn by mutual agreement"]
[WhiteElo "1900"]
[BlackElo "2005"]
[Opening "King's Indian: Sämisch variation"]
[ECO "E80"]
[NIC "KI.54"]
[Time "16:31:50"]
[PlyCount "69"]
[TimeControl "4500+10"]

1. d4 Nf6 2. c4 g6 3. Nc3 Bg7 4. e4 d6 5. f3 Nbd7 6. Bg5 O-O 7. Qd2 c5 8.
d5 a6 9. Nh3 b5 10. cxb5 axb5 11. Bxb5 Ba6 12. Nf2 Qb6 13. Bxa6 Rxa6 14.
O-O Rb8 15. Rab1 Ne5 16. Qe2 Qb4 17. a3 Qc4 18. Qc2 Rab6 19. Rfc1 Qb3 20.
Ne2 Qxc2 21. Rxc2 Rb3 22. Rc3 Rxc3 23. Nxc3 Nc4 24. Nfd1 h6 25. Bc1 Rb3 26.
Kf1 Nd7 27. Ke2 Ndb6 28. Kd3 Na5 29. Kc2 Nbc4 30. h3 Kh7 31. Ra1 Bd4 32.
Nb1 Rb7 33. Nd2 Nb6 34. Nc3 c4 35. Rb1 { Game drawn by mutual agreement }
1/2-1/2

[Event "ICC tourney 2333 (75 10)"]
[Site "Internet Chess Club"]
[Date "2021.01.24"]
[Round "5"]
[White "mopaska1106"]
[Black "DenizG123"]
[Result "0-1"]
[ICCResult "White resigns"]
[WhiteElo "1946"]
[BlackElo "2040"]
[Opening "English: symmetrical, main line with d4"]
[ECO "A39"]
[NIC "EO.26"]
[Time "16:32:01"]
[PlyCount "100"]
[TimeControl "4500+10"]

1. c4 Nf6 2. g3 c5 3. Bg2 Nc6 4. Nf3 g6 5. O-O Bg7 6. Nc3 O-O 7. d4 cxd4 8.
Nxd4 Nxd4 9. Qxd4 d6 10. e4 Be6 11. Qd3 Rc8 12. b3 Qa5 13. Bd2 Qh5 14. f3
Nd7 15. Rac1 Ne5 16. Qe2 Nc6 17. Be3 Qa5 18. Nd5 Rfe8 19. Kh1 Bd7 20. b4
Qa4 21. b5 Nd4 22. Qd3 Ne6 23. Rf2 Nc5 24. Qf1 h6 25. Rfc2 b6 26. Bg1 Kh7
27. Ne3 Ne6 28. f4 Nd4 29. Rf2 Qa3 30. Re1 e5 31. f5 a6 32. Nd5 g5 33. f6
Bf8 34. Nxb6 Rcd8 35. Nxd7 Rxd7 36. Rd2 Ne6 37. b6 Rb7 38. Rb1 Qc3 39. Rdb2
Nc5 40. Qe2 Re6 41. Qf1 Qd3 42. Qf5+ Kh8 43. Rc1 Nd7 44. c5 dxc5 45. Bf1
Qa3 46. Rcb1 Rxf6 47. Qg4 Rbxb6 48. Rxb6 Nxb6 49. Qe2 Qa4 50. Rc1 Nd7 {
White resigns } 0-1

[Event "ICC tourney 2333 (75 10)"]
[Site "Internet Chess Club"]
[Date "2021.01.24"]
[Round "5"]
[White "greenninja"]
[Black "CoolKoiFish"]
[Result "1-0"]
[ICCResult "Black resigns"]
[WhiteElo "2025"]
[BlackElo "1914"]
[Opening "Ruy Lopez: Wormald (Alapin) attack"]
[ECO "C77"]
[NIC "RL.12"]
[Time "16:32:09"]
[PlyCount "97"]
[TimeControl "4500+10"]

1. e4 e5 2. Nf3 Nc6 3. Bb5 a6 4. Ba4 Nf6 5. Qe2 b5 6. Bb3 Bc5 7. O-O d6 8.
a4 Rb8 9. h3 h6 10. c3 O-O 11. Rd1 Bb6 12. d4 Bd7 13. axb5 axb5 14. Bc2 Re8
15. d5 Ne7 16. b3 Ng6 17. c4 Nh5 18. Be3 Nhf4 19. Qd2 Qf6 20. Bxb6 Rxb6 21.
Qe3 bxc4 22. bxc4 Rb2 23. Rd2 Reb8 24. Nc3 Nh5 25. Ba4 Rxd2 26. Nxd2 Bxa4
27. Rxa4 Ngf4 28. Kh2 Rb2 29. g3 Ng6 30. Nd1 Rc2 31. Qd3 Rc1 32. Nf3 Qd8
33. Qa3 Rb1 34. Nc3 Rb8 35. Nb5 Kh7 36. Ra7 Rb6 37. Nxc7 Rb1 38. Nb5 Qb6
39. Qe3 Qxe3 40. fxe3 Rb2+ 41. Kg1 Nxg3 42. Nxd6 h5 43. c5 h4 44. c6 f5 45.
exf5 e4 46. fxg6+ Kxg6 47. Nxh4+ Kh5 48. Nhf5 Rb1+ 49. Kg2 { Black resigns
} 1-0

[Event "ICC tourney 2333 (75 10)"]
[Site "Internet Chess Club"]
[Date "2021.01.24"]
[Round "5"]
[White "GeorgeDai"]
[Black "penguinwizard"]
[Result "1/2-1/2"]
[ICCResult "Game drawn by mutual agreement"]
[WhiteElo "2086"]
[BlackElo "2120"]
[Opening "Queen's Indian: Petrosian system"]
[ECO "E12"]
[NIC "QI.04"]
[Time "16:31:46"]
[PlyCount "101"]
[TimeControl "4500+10"]

1. d4 Nf6 2. Nf3 b6 3. c4 e6 4. a3 Bb7 5. Nc3 d5 6. cxd5 exd5 7. Bg5 Be7 8.
e3 h6 9. Bh4 Nbd7 10. Bd3 O-O 11. O-O Ne4 12. Bxe7 Qxe7 13. Qc2 Rfc8 14.
Nd2 Ndf6 15. Ndxe4 dxe4 16. Be2 c5 17. Rfd1 Rd8 18. dxc5 Qxc5 19. Rxd8+
Rxd8 20. Rd1 Rxd1+ 21. Qxd1 Qe7 22. Qd4 Qd7 23. Qxd7 Nxd7 24. Kf1 Kf8 25.
Ke1 Ke7 26. Kd2 a5 27. b4 axb4 28. axb4 Kd6 29. Na4 Bc6 30. Nb2 Bd5 31. Kc3
f6 32. h3 Kc6 33. Nc4 Nf8 34. Na3 Ne6 35. Nb5 g6 36. Nd4+ Kd6 37. Nxe6 Bxe6
38. Kd4 f5 39. Bb5 Bf7 40. Ba4 h5 41. h4 Ke7 42. Ke5 Bc4 43. Bc6 Bf1 44. g3
Bd3 45. Kd5 Ba6 46. Ba8 Bb5 47. Bc6 Ba6 48. Ba4 Bb7+ 49. Ke5 Ba6 50. Kd5
Bb7+ 51. Bc6 { Game drawn by mutual agreement } 1/2-1/2

[Event "ICC tourney 2333 (75 10)"]
[Site "Internet Chess Club"]
[Date "2021.01.24"]
[Round "5"]
[White "dpomerantz135"]
[Black "JQX2019"]
[Result "1-0"]
[ICCResult "Black resigns"]
[WhiteElo "2238"]
[BlackElo "1910"]
[Opening "Sicilian"]
[ECO "B56"]
[NIC "SI.25"]
[Time "16:32:07"]
[PlyCount "81"]
[TimeControl "4500+10"]

1. e4 c5 2. Nf3 d6 3. d4 cxd4 4. Nxd4 Nf6 5. Nc3 Nc6 6. f3 e5 7. Nb3 Be7 8.
Be3 Be6 9. Nd5 Bxd5 10. exd5 Nb4 11. c4 a5 12. Qd2 b6 13. Be2 Rc8 14. O-O
O-O 15. Nc1 Nd7 16. a3 Na6 17. b4 f5 18. c5 Nab8 19. c6 Nf6 20. bxa5 bxa5
21. Rb1 a4 22. Na2 Qe8 23. Rb7 Qf7 24. Nc3 Kh8 25. Nb5 Qe8 26. Na7 f4 27.
Bb6 Rf7 28. Nxc8 Qxc8 29. Rb1 g5 30. Ba7 Nxc6 31. dxc6 Qxc6 32. Qc1 Qxc1+
33. Rxc1 d5 34. Rcc7 Ng8 35. Kf1 d4 36. Bc4 Rg7 37. Bxg8 d3 38. Rxe7 d2 39.
Ke2 e4 40. Rxg7 exf3+ 41. gxf3 { Black resigns } 1-0

[Event "ICC tourney 2333 (75 10)"]
[Site "Internet Chess Club"]
[Date "2021.01.24"]
[Round "5"]
[White "MCTS13"]
[Black "SuperPuzzler"]
[Result "1/2-1/2"]
[ICCResult "Game drawn by mutual agreement"]
[WhiteElo "2195"]
[BlackElo "1993"]
[Opening "Sicilian: closed"]
[ECO "B23"]
[NIC "SI.44"]
[Time "16:31:44"]
[PlyCount "94"]
[TimeControl "4500+10"]

1. e4 c5 2. Nc3 d6 3. f4 g6 4. Nf3 Bg7 5. Bb5+ Nc6 6. Bxc6+ bxc6 7. d3 e6
8. O-O Ne7 9. Qe1 O-O 10. Na4 Rb8 11. c4 f5 12. Rb1 fxe4 13. dxe4 Ba6 14.
b3 Bxc4 15. Ng5 Qd7 16. Bb2 Bxf1 17. Bxg7 Kxg7 18. Rd1 e5 19. f5 Nxf5 20.
Nxc5 Qe7 21. Nge6+ Kh8 22. Nxf8 Rxf8 23. exf5 Rxf5 24. Ne4 Bb5 25. Qb4 Qf8
26. Ng3 Rf2 27. a4 Rc2 28. Ne4 Bd3 29. Qxd6 Qxd6 30. Nxd6 e4 31. Re1 Rb2
32. Nxe4 Bxe4 33. Rxe4 Rxb3 34. Re8+ Kg7 35. Re7+ Kh6 36. Rxa7 c5 37. Kf2
Ra3 38. h4 Kh5 39. Rxh7+ Kg4 40. Rh6 Rxa4 41. Rxg6+ Kxh4 42. g3+ Kh5 43.
Rc6 Kg4 44. Rg6+ Kf5 45. Rc6 Kg4 46. Rxc5 Ra2+ 47. Ke3 Kxg3 { Game drawn by
mutual agreement } 1/2-1/2

[Event "ICC tourney 2333 (75 10)"]
[Site "Internet Chess Club"]
[Date "2021.01.24"]
[Round "5"]
[White "e4f5"]
[Black "Assured"]
[Result "0-1"]
[ICCResult "White resigns"]
[WhiteElo "2260"]
[BlackElo "2577"]
[Opening "Sicilian: Scheveningen (Paulsen), classical variation"]
[ECO "B84"]
[NIC "SI.23"]
[Time "16:31:51"]
[PlyCount "82"]
[TimeControl "4500+10"]

1. e4 c5 2. Nf3 d6 3. d4 cxd4 4. Nxd4 Nf6 5. Nc3 a6 6. Be2 e6 7. O-O Be7 8.
a4 O-O 9. Be3 Nc6 10. f4 Qc7 11. Kh1 Nxd4 12. Bxd4 e5 13. Be3 exf4 14. Bxf4
Be6 15. Qd3 Nd7 16. Nd5 Bxd5 17. exd5 Bf6 18. c3 Rae8 19. Bg4 Ne5 20. Qh3
g6 21. Bxe5 Bxe5 22. Qd3 Qd8 23. g3 h5 24. Bh3 f5 25. Rae1 Kg7 26. Re2 Qa5
27. Qc4 Rc8 28. Qb3 b5 29. axb5 axb5 30. Ree1 Ra8 31. Kg2 Qa2 32. Qxa2 Rxa2
33. Rf2 b4 34. cxb4 Rb8 35. Rc1 Rxb4 36. Rcc2 Raxb2 37. Rxb2 Bxb2 38. Rc2
Be5 39. Kf2 h4 40. gxh4 Rxh4 41. Kg1 Rxh3 { White resigns } 0-1

[Event "ICC tourney 2333 (75 10)"]
[Site "Internet Chess Club"]
[Date "2021.01.24"]
[Round "5"]
[White "saisneha"]
[Black "mr-sosa"]
[Result "1-0"]
[ICCResult "Black checkmated"]
[WhiteElo "1927"]
[BlackElo "2086"]
[Opening "Queen's Indian: old main line, 7.Nc3"]
[ECO "E18"]
[NIC "QI.09"]
[Time "16:31:49"]
[PlyCount "101"]
[TimeControl "4500+10"]

1. d4 Nf6 2. c4 b6 3. Nf3 Bb7 4. g3 e6 5. Bg2 Be7 6. O-O O-O 7. Nc3 d6 8.
Qc2 Nbd7 9. e4 e5 10. d5 a5 11. Be3 Nh5 12. Nd2 g6 13. f4 exf4 14. gxf4 f5
15. Qd3 Rb8 16. Nf3 fxe4 17. Qxe4 Ndf6 18. Qe6+ Kg7 19. Ng5 Bc8 20. Bd4
Bxe6 21. Nxe6+ Kg8 22. Nxd8 Bxd8 23. Rae1 Ne8 24. Bh3 Nxf4 25. Rxf4 Rxf4
26. Rxe8+ Kf7 27. Re4 Rxe4 28. Nxe4 b5 29. Be6+ Kf8 30. c5 Be7 31. cxd6
cxd6 32. Kf2 Rb7 33. Be3 Rc7 34. Bf4 Rc2+ 35. Ke3 Rxb2 36. Bxd6 Bxd6 37.
Nxd6 Ke7 38. Nc8+ Kd8 39. d6 Rxh2 40. d7 Rc2 41. Nd6 Ke7 42. Nf7 Rc3+ 43.
Kd2 Kxe6 44. d8=Q b4 45. Qe8+ Kf6 46. Nd6 Ra3 47. Qf7+ Kg5 48. Nb5 Rh3 49.
Nd4 h5 50. Ne6+ Kh4 51. Qf4# { Black checkmated } 1-0

[Event "ICC tourney 2333 (75 10)"]
[Site "Internet Chess Club"]
[Date "2021.01.24"]
[Round "5"]
[White "jy2020"]
[Black "largecrab"]
[Result "0-1"]
[ICCResult "White checkmated"]
[WhiteElo "2213"]
[BlackElo "2166"]
[Opening "Sicilian: Taimanov (Bastrikov) variation"]
[ECO "B47"]
[NIC "SI.40"]
[Time "16:32:09"]
[PlyCount "102"]
[TimeControl "4500+10"]

1. e4 c5 2. Nf3 e6 3. d4 cxd4 4. Nxd4 Nc6 5. Nc3 Qc7 6. g3 a6 7. Bg2 Nf6 8.
O-O Bc5 9. Nxc6 bxc6 10. Na4 Ba7 11. c4 d6 12. c5 d5 13. exd5 Nxd5 14. b3
O-O 15. Bb2 Bd7 16. Re1 f6 17. f4 Kh8 18. Qh5 Be8 19. Qh3 Bf7 20. Be4 Bg8
21. Rac1 Rad8 22. Rc4 Ne7 23. Rc2 Qa5 24. Qf1 Nd5 25. Qf2 Rd7 26. Rd2 Nxf4
27. gxf4 Rxd2 28. Bc3 Rxf2 29. Bxa5 Rxa2 30. Bb6 Bb8 31. Bxc6 Bxf4 32. Bg2
Rb8 33. h3 Ra3 34. Re4 e5 35. c6 Rxa4 36. Rxa4 Rxb6 37. c7 Be6 38. Rc4 Bc8
39. Bc6 h5 40. Be8 Rxb3 41. Bxh5 Rxh3 42. Rb4 Rc3 43. Rb8 Rxc7 44. Bg4 Kh7
45. Bxc8 e4 46. Ra8 e3 47. Bxa6 Kg6 48. Kg2 Rc2+ 49. Kf3 Rf2+ 50. Kg4 f5+
51. Kh3 Rh2# { White checkmated } 0-1

[Event "ICC tourney 2333 (75 10)"]
[Site "Internet Chess Club"]
[Date "2021.01.24"]
[Round "5"]
[White "tirantes"]
[Black "Volkov"]
[Result "0-1"]
[ICCResult "White resigns"]
[WhiteElo "2423"]
[BlackElo "2607"]
[Opening "QGD Slav defense"]
[ECO "D10"]
[NIC "SL.01"]
[Time "16:31:48"]
[PlyCount "122"]
[TimeControl "4500+10"]

1. d4 d5 2. c4 c6 3. e3 Bf5 4. Nc3 e6 5. Bd3 Bxd3 6. Qxd3 Qg5 7. Qf1 Qg6 8.
Nf3 Nd7 9. cxd5 exd5 10. g3 Bb4 11. Bd2 Ngf6 12. Qe2 O-O 13. Nh4 Qc2 14.
Rc1 Qxb2 15. Rb1 Qa3 16. Rb3 Qa5 17. O-O Bxc3 18. Bxc3 Qc7 19. Rfb1 b6 20.
Rc1 Rfe8 21. Ng2 Ne4 22. Bb4 a5 23. Ba3 a4 24. Rb5 Qb7 25. Rb2 b5 26. f3
Nef6 27. Rbc2 Rac8 28. Qd3 Nb6 29. Bb4 Nc4 30. Re2 Qd7 31. Rf1 Rcd8 32. g4
Qc7 33. Be1 Qd6 34. Qb1 c5 35. Bc3 cxd4 36. Bxd4 b4 37. Nh4 g6 38. Ng2 Nd7
39. Nf4 Nde5 40. Qd1 Nc6 41. Qxa4 Nxd4 42. exd4 Ne3 43. Nd3 Ra8 44. Qxb4
Qxb4 45. Nxb4 Nxf1 46. Rxe8+ Rxe8 47. Kxf1 Ra8 48. Kf2 Ra5 49. Ke3 f6 50.
h4 Kf7 51. a4 h6 52. f4 Rxa4 53. Nxd5 Ra3+ 54. Ke4 Rh3 55. g5 Rxh4 56. gxh6
Rxh6 57. Ne3 Rh4 58. Kf3 Rh3+ 59. Ke4 f5+ 60. Kd3 Rf3 61. Ke2 Rxf4 { White
resigns } 0-1

[Event "ICC tourney 2333 (75 10)"]
[Site "Internet Chess Club"]
[Date "2021.01.24"]
[Round "5"]
[White "f5"]
[Black "pika0008"]
[Result "1/2-1/2"]
[ICCResult "Game drawn by repetition"]
[WhiteElo "2207"]
[BlackElo "1895"]
[Opening "Sicilian: closed"]
[ECO "B24"]
[NIC "SI.44"]
[Time "16:32:00"]
[PlyCount "134"]
[TimeControl "4500+10"]

1. e4 c5 2. Nc3 Nc6 3. g3 g6 4. Bg2 Bg7 5. d3 e6 6. f4 Nge7 7. Nf3 O-O 8.
O-O d5 9. e5 a6 10. Kh1 b6 11. Qe1 Bb7 12. g4 Qc7 13. Nd1 d4 14. a3 Nd5 15.
Ng5 Rad8 16. Rf3 h6 17. Ne4 Qe7 18. Rh3 f5 19. exf6 Nxf6 20. g5 hxg5 21.
Nxg5 Nh5 22. Nf2 Nxf4 23. Nfe4 Nxh3 24. Bxh3 Rf5 25. Qh4 Bf6 26. Bxf5 exf5
27. Nxf6+ Kg7 28. Nge4 Rh8 29. Qg3 fxe4 30. Nxe4 Ne5 31. Bg5 Qe6 32. Re1
Qf5 33. Kg2 Rh5 34. h4 Rh8 35. Qf4 Rf8 36. Rf1 Qxf4 37. Rxf4 Rxf4 38. Bxf4
Bxe4+ 39. dxe4 Nc4 40. Bc1 Kf6 41. b3 Nd6 42. Kf3 b5 43. Kf4 Nf7 44. b4 c4
45. Bd2 c3 46. Be1 Ke6 47. Bf2 d3 48. cxd3 c2 49. Be3 Ne5 50. d4 Nd3+ 51.
Kg5 Kf7 52. e5 c1=Q 53. Bxc1 Nxc1 54. d5 Nd3 55. e6+ Ke7 56. Kxg6 Nf4+ 57.
Kf5 Nxd5 58. h5 Nf6 59. h6 Nh7 60. Kg6 Kxe6 61. Kxh7 Kf7 62. Kh8 Kf8 63.
Kh7 Kf7 64. Kh8 Kf8 65. Kh7 Kf7 66. Kh8 Kf8 67. Kh7 Kf7 { Game drawn by
repetition } 1/2-1/2

[Event "ICC tourney 2333 (75 10)"]
[Site "Internet Chess Club"]
[Date "2021.01.24"]
[Round "6"]
[White "ryanwang"]
[Black "Drachekokosnuss"]
[Result "1/2-1/2"]
[ICCResult "Game drawn by mutual agreement"]
[WhiteElo "1911"]
[BlackElo "2100"]
[Opening "Ruy Lopez: Marshall counter-attack, 11...c6"]
[ECO "C89"]
[NIC "RL.17"]
[Time "20:02:27"]
[PlyCount "36"]
[TimeControl "4500+10"]

1. e4 e5 2. Nf3 Nc6 3. Bb5 a6 4. Ba4 Nf6 5. O-O Be7 6. Re1 b5 7. Bb3 O-O 8.
c3 d5 9. exd5 Nxd5 10. Nxe5 Nxe5 11. Rxe5 c6 12. d3 Bd6 13. Re1 Bf5 14. Qf3
Qf6 15. Bxd5 cxd5 16. Bf4 Bxf4 17. Qxf4 Bxd3 18. Qxf6 gxf6 { Game drawn by
mutual agreement } 1/2-1/2

[Event "ICC tourney 2333 (75 10)"]
[Site "Internet Chess Club"]
[Date "2021.01.24"]
[Round "6"]
[White "DenizG123"]
[Black "slolla"]
[Result "1-0"]
[ICCResult "Black resigns"]
[WhiteElo "2040"]
[BlackElo "1900"]
[Opening "Sicilian: dragon, Levenfish variation"]
[ECO "B71"]
[NIC "SI.15"]
[Time "20:01:40"]
[PlyCount "53"]
[TimeControl "4500+10"]

1. e4 c5 2. Nf3 d6 3. d4 cxd4 4. Nxd4 Nf6 5. Nc3 g6 6. f4 Bg7 7. e5 dxe5 8.
fxe5 Ng4 9. Bb5+ Nc6 10. Nxc6 Qxd1+ 11. Nxd1 a6 12. Ba4 Bd7 13. h3 Nh6 14.
Nxe7 Kxe7 15. Bxd7 Kxd7 16. O-O Rhf8 17. Nc3 Ke6 18. Bg5 Nf5 19. Rae1 Rac8
20. g4 Nd4 21. Bf6 Bh8 22. Bxh8 Rxh8 23. Rf6+ Ke7 24. Ref1 Rhf8 25. Rb6 Rb8
26. Nd5+ Kd8 27. e6 { Black resigns } 1-0

[Event "ICC tourney 2333 (75 10)"]
[Site "Internet Chess Club"]
[Date "2021.01.24"]
[Round "6"]
[White "CoolKoiFish"]
[Black "DLWarrior"]
[Result "1/2-1/2"]
[ICCResult "Game drawn by mutual agreement"]
[WhiteElo "1914"]
[BlackElo "1968"]
[Opening "QGD: semi-Slav"]
[ECO "D31"]
[NIC "SL.06"]
[Time "20:01:41"]
[PlyCount "41"]
[TimeControl "4500+10"]

1. d4 d5 2. c4 e6 3. Nc3 c6 4. e3 Nf6 5. b3 a6 6. Bb2 Nbd7 7. Bd3 Bd6 8.
Nf3 O-O 9. O-O Re8 10. e4 dxe4 11. Nxe4 Nxe4 12. Bxe4 Nf6 13. Bc2 b5 14.
Qd3 Bb7 15. Rfe1 Bb4 16. Re2 c5 17. a3 Ba5 18. dxc5 Qxd3 19. Bxd3 Bxf3 20.
gxf3 Rad8 21. Bc2 { Game drawn by mutual agreement } 1/2-1/2

[Event "ICC tourney 2333 (75 10)"]
[Site "Internet Chess Club"]
[Date "2021.01.24"]
[Round "6"]
[White "largecrab"]
[Black "Openyagami"]
[Result "0-1"]
[ICCResult "White resigns"]
[WhiteElo "2166"]
[BlackElo "2606"]
[Opening "Sicilian: Labourdonnais-Löwenthal (Kalashnikov) variation"]
[ECO "B32"]
[NIC "SI.32"]
[Time "20:01:46"]
[PlyCount "56"]
[TimeControl "4500+10"]

1. e4 c5 2. Nf3 Nc6 3. d4 cxd4 4. Nxd4 e5 5. Nb5 d6 6. N1c3 a6 7. Na3 b5 8.
Nd5 Nge7 9. Bg5 h6 10. Bh4 Bb7 11. c4 Nd4 12. cxb5 Bxd5 13. Bxe7 Bxe7 14.
exd5 Qa5+ 15. Qd2 axb5 16. Qxa5 Rxa5 17. Rc1 O-O 18. Rc7 Bf6 19. Rb7 Rc8
20. f3 g6 21. Kf2 Rc1 22. Rg1 Bg5 23. g3 Rxa3 24. bxa3 Rc2+ 25. Be2 Rxe2+
26. Kf1 Rxa2 27. Rg2 Ra1+ 28. Kf2 Rxa3 { White resigns } 0-1

[Event "ICC tourney 2333 (75 10)"]
[Site "Internet Chess Club"]
[Date "2021.01.24"]
[Round "6"]
[White "e4f5"]
[Black "greenninja"]
[Result "1-0"]
[ICCResult "Black resigns"]
[WhiteElo "2260"]
[BlackElo "2025"]
[Opening "Sicilian: Najdorf, Opocensky variation"]
[ECO "B92"]
[NIC "SI.11"]
[Time "20:02:27"]
[PlyCount "47"]
[TimeControl "4500+10"]

1. e4 c5 2. Nf3 d6 3. d4 cxd4 4. Nxd4 Nf6 5. Nc3 a6 6. Be2 e5 7. Nb3 Be7 8.
O-O O-O 9. Kh1 Nc6 10. f4 b5 11. a4 b4 12. Nd5 Nxe4 13. Bf3 f5 14. Nxe7+
Nxe7 15. fxe5 dxe5 16. Bg5 Ra7 17. Bxe4 fxe4 18. Qe2 Bf5 19. Qc4+ Kh8 20.
Qxb4 Qe8 21. Qc5 Rd7 22. Qxe5 Bg6 23. Nc5 Ra7 24. Nxe4 { Black resigns }
1-0

[Event "ICC tourney 2333 (75 10)"]
[Site "Internet Chess Club"]
[Date "2021.01.24"]
[Round "6"]
[White "mopaska1106"]
[Black "Solidwrench2"]
[Result "0-1"]
[ICCResult "White resigns"]
[WhiteElo "1946"]
[BlackElo "1955"]
[Opening "King's Indian: fianchetto, Simagin variation"]
[ECO "E62"]
[NIC "KI.72"]
[Time "20:01:35"]
[PlyCount "80"]
[TimeControl "4500+10"]

1. d4 Nf6 2. c4 g6 3. Nc3 Bg7 4. Nf3 O-O 5. g3 d6 6. Bg2 Nc6 7. O-O Bg4 8.
h3 Bxf3 9. Bxf3 Nd7 10. Be3 e5 11. d5 Ne7 12. Qc1 f5 13. Bh6 e4 14. Bg2 Ne5
15. Bxg7 Kxg7 16. b3 Ng8 17. Rd1 Nf6 18. Nb5 a6 19. Nd4 Re8 20. Ne6+ Rxe6
21. dxe6 Qe7 22. c5 d5 23. Qc3 Qxe6 24. a4 Rd8 25. b4 Nc4 26. b5 a5 27. b6
c6 28. e3 Ra8 29. Bf1 Ne5 30. Bg2 Kf7 31. Rf1 Nfd7 32. f4 Nd3 33. Kh2 N7xc5
34. g4 Qf6 35. Qc2 Qb2 36. Qd1 Nf2 37. Qe1 Ncd3 38. Qb1 Qxb1 39. Raxb1 fxg4
40. hxg4 Nxg4+ { White resigns } 0-1

[Event "ICC tourney 2333 (75 10)"]
[Site "Internet Chess Club"]
[Date "2021.01.24"]
[Round "6"]
[White "nithin"]
[Black "GeorgeDai"]
[Result "1/2-1/2"]
[ICCResult "Game drawn by mutual agreement"]
[WhiteElo "2232"]
[BlackElo "2086"]
[Opening "English opening"]
[ECO "A05"]
[NIC "QP.11"]
[Time "20:01:35"]
[PlyCount "84"]
[TimeControl "4500+10"]

1. Nf3 Nf6 2. c4 e6 3. g3 b6 4. Bg2 Bb7 5. O-O Be7 6. Nc3 d5 7. cxd5 exd5
8. d4 O-O 9. Bf4 Nbd7 10. Nb5 c5 11. Nd6 Bxd6 12. Bxd6 Re8 13. dxc5 Nxc5
14. Bf4 Ne6 15. Be5 Ne4 16. b3 Rc8 17. Rc1 Qe7 18. Bb2 Rxc1 19. Qxc1 Rc8
20. Qa1 Rc2 21. Nd4 Nxd4 22. Bxd4 f6 23. Re1 Qa3 24. Qd1 Rd2 25. Qa1 Qxa2
26. Qxa2 Rxa2 27. Bxe4 dxe4 28. Ra1 Rxa1+ 29. Bxa1 Bd5 30. b4 Bc4 31. Kf1
Kf7 32. Ke1 Ke6 33. Kd2 a5 34. bxa5 bxa5 35. Ke3 Kf5 36. h3 a4 37. Bb2 g5
38. f3 exf3 39. exf3 Kg6 40. f4 Bf1 41. fxg5 fxg5 42. h4 gxh4 { Game drawn
by mutual agreement } 1/2-1/2

[Event "ICC tourney 2333 (75 10)"]
[Site "Internet Chess Club"]
[Date "2021.01.24"]
[Round "6"]
[White "KittiesRock18"]
[Black "tirantes"]
[Result "0-1"]
[ICCResult "White resigns"]
[WhiteElo "1905"]
[BlackElo "2423"]
[Opening "Scotch: Schmidt variation"]
[ECO "C45"]
[NIC "SO.03"]
[Time "20:01:39"]
[PlyCount "78"]
[TimeControl "4500+10"]

1. e4 e5 2. Nf3 Nc6 3. d4 exd4 4. Nxd4 Nf6 5. Nc3 Bb4 6. Nxc6 bxc6 7. Bd3
O-O 8. O-O d5 9. exd5 cxd5 10. Bg5 c6 11. Ne2 h6 12. Bh4 Be7 13. Nd4 Qb6
14. c3 c5 15. Nf5 Bxf5 16. Bxf5 g6 17. Qe2 Rfe8 18. Bd7 Nxd7 19. Bxe7 Rab8
20. b4 cxb4 21. cxb4 Rb7 22. Rfe1 Nf6 23. Qf3 Rbxe7 24. Rxe7 Rxe7 25. a3
Ne4 26. Rd1 Rc7 27. Rxd5 Rc1+ 28. Rd1 Rxd1+ 29. Qxd1 Nxf2 30. Qf3 Ng4+ 31.
Kh1 Qd4 32. g3 Qa1+ 33. Kg2 Qb2+ 34. Kg1 Qd4+ 35. Kh1 h5 36. h4 Kg7 37. Kg2
Qd2+ 38. Kg1 Qb2 39. Kf1 Nh2+ { White resigns } 0-1